[Event "Titled Tuesday Blitz October 18 Late 2022"]
[White "Bortnyk, Olexandr"]
[Black "Nakamura, Hikaru"]
[WhiteFideId "14120828"]
[BlackFideId "2016192"]
[WhiteElo "2723"]
[BlackElo "2909"]
[Result "0-1"]
[Round "06"]
[TimeControl "180+1"]
[Date "2022.10.18"]
[WhiteClock "0:00:03"]
[BlackClock "0:00:54"]

1. e4 g5 2. d4 Bg7 3. Bxg5 c5 4. dxc5 Bxb2 5. Nd2 Qa5 6. Rb1 Bc3 7. Nf3 Qxc5 8. Be3 Qc7 9. Bd3 Nf6 10. h3 d6 11. O-O Nc6 12. Rb3 Bxd2 13. Qxd2 Be6 14. Rb5 a6 15. Bb6 Qc8 16. Rg5 h6 17. Rg3 Nh5 18. Qc3 Ne5 19. Qb2 Nxg3 20. fxg3 f6 21. Nd4 Rg8 22. Kh2 Nc4 23. Bxc4 Qxc4 24. Rf3 Rc8 25. Ba5 Kf7 26. g4 Qxa2 27. Qxa2 Bxa2 28. Bd2 Rh8 29. c3 Bb1 30. Re3 h5 31. gxh5 Rxh5 32. Re1 Bd3 33. Kg3 a5 34. Kf3 a4 35. Ra1 Re5 36. Rxa4 Bxe4+ 37. Kf2 Bc6 38. Rb4 Ra5 39. Rb2 Ra4 40. g4 Bd5 41. Rb5 Rc5 42. Rb1 Ra2 43. Ke3 Bc4 44. Nf3 Rd5 45. Be1 Rd3+ 46. Kf4 Bd5 47. Nh4 Ra4+ 0-1


[Site "https://www.chess.com"]

[Event "Titled Tuesday Blitz October 18 Late 2022"]
[White "Boyer, Mahel"]
[Black "Can, Melih Kaan"]
[WhiteFideId "45102422"]
[BlackFideId "6317383"]
[WhiteElo "2454"]
[BlackElo "2029"]
[Result "0-1"]
[Round "06"]
[TimeControl "180+1"]
[Date "2022.10.19"]
[WhiteClock "0:00:07"]
[BlackClock "0:00:07"]

1. d4 Nf6 2. Bf4 c5 3. e3 d5 4. c3 Nc6 5. Nd2 e6 6. Ngf3 Bd6 7. Bg3 O-O 8. Bb5 a6 9. Bxc6 bxc6 10. Qa4 Bxg3 11. hxg3 cxd4 12. cxd4 Qb6 13. Qa3 Rb8 14. Nb3 Ne4 15. O-O f6 16. Rac1 Bd7 17. Rc2 Rfc8 18. Rfc1 Qb4 19. Qxb4 Rxb4 20. Na5 Rb5 21. Nxc6 Rxc6 22. Rxc6 Bxc6 23. Rxc6 Rxb2 24. Rxa6 Kf7 25. Ra7+ Kf8 26. Ra8+ Kf7 27. Ra7+ Kf8 28. Ne1 Rxf2 29. Nd3 Rc2 30. Nf4 Rc6 31. g4 Rd6 32. a4 e5 33. Nd3 exd4 34. exd4 Rc6 35. Nb4 Rc1+ 36. Kh2 Nc3 37. Rc7 Rb1 38. Nc6 Nxa4 39. Rc8+ Kf7 40. Rc7+ Kg6 41. Ne7+ Kg5 42. Nxd5 g6 43. Rxh7 Kxg4 44. Nxf6+ Kf5 45. Nd5 Ke4 46. Nc7 Rb7 47. Rg7 Nc3 48. d5 Nxd5 49. Rxg6 Rxc7 50. Rg3 Nf4 51. Rg4 Kf5 52. Rg3 Rh7+ 53. Kg1 Ne2+ 54. Kf2 Nxg3 55. Kxg3 Kg5 56. Kf3 Ra7 57. Kg3 Ra3+ 58. Kf2 Kg4 59. Kg1 Kg3 60. Kf1 Ra2 0-1


[Site "https://www.chess.com"]

[Event "Titled Tuesday Blitz October 18 Late 2022"]
[White "Burke, Paul"]
[Black "Schut, Han"]
[WhiteFideId "2605767"]
[BlackFideId "1005561"]
[WhiteElo "1888"]
[BlackElo "2024"]
[Result "1/2-1/2"]
[Round "06"]
[TimeControl "180+1"]
[Date "2022.10.19"]
[WhiteClock "0:00:01"]
[BlackClock "0:00:07"]

1. e4 c5 2. d4 d6 3. c3 Nf6 4. Bc4 Nxe4 5. Bxf7+ Kxf7 6. Qh5+ g6 7. Qd5+ Be6 8. Qxe4 cxd4 9. Nf3 Bf5 10. Qxd4 Bg7 11. Qd5+ Kf8 12. Qxb7 Nd7 13. O-O Nc5 14. Qd5 Be4 15. Qg5 Bxf3 16. gxf3 Qe8 17. Be3 Ne6 18. Qd5 Qf7 19. Qxa8+ Qe8 20. Qxe8+ Kxe8 21. Nd2 Kd7 22. Nb3 Rb8 23. Rab1 Be5 24. Bd4 Nf4 25. Bxe5 dxe5 26. Rfe1 Ke6 27. Nd4+ Kf6 28. Ne2 Nh3+ 29. Kg2 Ng5 30. Ng3 Ne6 31. Ne4+ Kg7 32. h3 h5 33. Re2 Nf4+ 34. Kf1 Nxe2 35. Kxe2 Kh6 36. b3 g5 37. c4 a5 38. Rd1 a4 39. Rd3 axb3 40. axb3 Ra8 41. Nc5 Ra2+ 42. Rd2 Ra5 43. b4 Ra4 44. Rb2 Ra8 45. Nd3 Rc8 46. Rc2 e4 47. fxe4 Kg6 48. Ne5+ Kf6 49. Nf3 g4 50. hxg4 hxg4 51. Nd4 Ke5 52. Ke3 Rh8 53. Nf5 Rh3+ 54. Ng3 Rh8 55. c5 Ra8 56. Rc3 Ra3 57. Rxa3 e6 58. Rc3 Kf6 59. c6 Ke7 60. c7 Kd6 61. b5 e5 62. b6 Kd7 63. b7 Kd6 64. Rc4 Ke6 65. Nf5 Kf6 66. Rc5 Kg5 67. Rc6 g3 68. Rh6 g2 69. Nh4 g1=Q 70. Nf3+ Kg4 71. Nxg1 Kg5 72. Re6 Kg4 73. Rxe5 Kh4 74. c8=Q 1/2-1/2


[Site "https://www.chess.com"]

[Event "Titled Tuesday Blitz October 18 Late 2022"]
[White "Castella Garcia, Fausto"]
[Black "Curtis, John"]
[WhiteFideId "3501922"]
[BlackFideId "3200256"]
[WhiteElo "2246"]
[BlackElo "2203"]
[Result "0-1"]
[Round "06"]
[TimeControl "180+1"]
[Date "2022.10.19"]
[WhiteClock "0:00:02"]
[BlackClock "0:01:04"]

1. e4 c5 2. Nf3 e6 3. Nc3 a6 4. d4 cxd4 5. Nxd4 b5 6. Be2 Bb7 7. O-O Ne7 8. a3 Nec6 9. Be3 Nxd4 10. Qxd4 Nc6 11. Qb6 Qxb6 12. Bxb6 Be7 13. Rad1 Rc8 14. f4 b4 15. axb4 Nxb4 16. Bd3 Bc5+ 17. Bxc5 Rxc5 18. e5 Ke7 19. Rf2 g6 20. Rfd2 Rd8 21. Ne4 Nxd3 22. cxd3 Bxe4 23. dxe4 Rb5 24. Kf2 Rb3 25. Rc1 Rdb8 26. Rc7 Rxb2 27. Rxd7+ Ke8 28. Rd8+ Rxd8 29. Rxb2 a5 30. Ke3 a4 31. Ra2 Ra8 32. Kd4 Kd7 33. Kc5 Kc7 34. Kb4 Kb6 35. Ra3 Ra5 36. g3 h5 37. h3 Rb5+ 38. Kc4 Ka5 39. Rd3 Rb4+ 40. Kc5 Rb7 41. Rd8 Rc7+ 42. Kd6 Ra7 43. Rc8 a3 44. Rc2 Kb4 45. g4 Kb3 46. Rc1 hxg4 47. hxg4 Kb2 48. Re1 a2 49. f5 gxf5 0-1


[Site "https://www.chess.com"]

[Event "Titled Tuesday Blitz October 18 Late 2022"]
[White "Celestino, Rafael Teixeira"]
[Black "Bilan, Danila"]
[WhiteFideId "2108925"]
[BlackFideId "24161918"]
[WhiteElo "2368"]
[BlackElo "2203"]
[Result "0-1"]
[Round "06"]
[TimeControl "180+1"]
[Date "2022.10.19"]
[WhiteClock "0:00:10"]
[BlackClock "0:00:27"]

1. e4 c6 2. Nf3 d5 3. Nc3 Bg4 4. h3 Bxf3 5. Qxf3 e6 6. d4 dxe4 7. Nxe4 Nd7 8. Bd3 Ngf6 9. Bg5 Be7 10. O-O-O Nxe4 11. Bxe7 Qxe7 12. Bxe4 O-O-O 13. Rd3 Kb8 14. Rb3 Nb6 15. Rd1 Rd7 16. a4 Rhd8 17. a5 Qg5+ 18. Kb1 Qxa5 19. Qg3+ Kc8 20. Qxg7 f5 21. Qg5 Rxd4 22. Rxd4 Qe1+ 23. Ka2 Rxd4 24. Qg8+ Kc7 25. Qg7+ Rd7 26. Qe5+ Kc8 27. Re3 Qxf2 28. Bf3 Nc4 29. Re2 Qb6 30. Qf6 Qa5+ 31. Kb3 Qb5+ 32. Kc3 Qxb2+ 33. Kxc4 Qxf6 0-1


[Site "https://www.chess.com"]

[Event "Titled Tuesday Blitz October 18 Late 2022"]
[White "Chan, Kim Yew"]
[Black "Erece, Ece Alkim"]
[WhiteFideId "5717981"]
[BlackFideId "6346006"]
[WhiteElo "2206"]
[BlackElo "1667"]
[Result "1-0"]
[Round "06"]
[TimeControl "180+1"]
[Date "2022.10.19"]
[WhiteClock "0:00:15"]
[BlackClock "0:00:10"]

1. Nf3 Nf6 2. c4 g6 3. g3 Bg7 4. Bg2 O-O 5. O-O d6 6. d4 Nbd7 7. Nc3 e5 8. e4 exd4 9. Nxd4 Re8 10. h3 Nc5 11. Re1 a5 12. Qc2 Bd7 13. Be3 Qc8 14. Kh2 Re5 15. Nd5 Nxd5 16. cxd5 Bxh3 17. Bxh3 Rh5 18. Nf5 gxf5 19. exf5 Nd7 20. Kg2 Ne5 21. Rad1 Qf8 22. f4 Nd7 23. Bg4 Rh6 24. Rh1 Nf6 25. Bf3 Re8 26. Rxh6 Rxe3 27. Rhh1 Qe7 28. Qd2 Nd7 29. Rhe1 Rxe1 30. Rxe1 Qf6 31. Re8+ Nf8 32. Be4 a4 33. Rb8 Qxb2 34. Qxb2 Bxb2 35. Rxb7 a3 36. Rxc7 Kg7 37. Kf3 Kf6 38. Rc6 Ke7 39. f6+ Kd7 40. Ra6 Bc1 41. Ra7+ Ke8 42. Bf5 Ne6 43. dxe6 fxe6 44. Bxe6 Kd8 45. Ra8+ Kc7 46. f7 Bb2 47. f8=Q Kc6 48. Qc8+ Kb5 49. Ra4 Kxa4 50. Qc4+ Ka5 51. Qc6 Kb4 52. Bc4 Kc3 53. Bb3+ Kd2 54. Qc2+ Ke1 55. Ke4 Kf1 56. Kd5 Kg1 57. Kxd6 Kh1 58. f5 h5 59. Ke6 h4 60. gxh4 Kg1 61. Kd5 Kf1 62. Ke4 Kg1 63. Kf3 Bd4 64. Qg2# 1-0


[Site "https://www.chess.com"]

[Event "Titled Tuesday Blitz October 18 Late 2022"]
[White "Cruz, William Ferreira Da"]
[Black "Goryachkina, Aleksandra"]
[WhiteFideId "2118050"]
[BlackFideId "4147103"]
[WhiteElo "2223"]
[BlackElo "2484"]
[Result "1/2-1/2"]
[Round "06"]
[TimeControl "180+1"]
[Date "2022.10.19"]
[WhiteClock "0:00:08"]
[BlackClock "0:00:04"]

1. d4 Nf6 2. c4 e6 3. Nc3 Bb4 4. Nf3 d5 5. cxd5 exd5 6. Bg5 h6 7. Bxf6 Qxf6 8. Qb3 Qb6 9. a3 Bxc3+ 10. Qxc3 O-O 11. e3 Bf5 12. Be2 a5 13. b3 Nd7 14. O-O c6 15. b4 Rfe8 16. h3 Re6 17. Kh1 Nf6 18. Bd3 Ne4 19. Bxe4 Bxe4 20. Nd2 axb4 21. axb4 Rae8 22. Nxe4 Rxe4 23. Qc5 Qc7 24. b5 Qd7 25. bxc6 bxc6 26. Ra7 Qf5 27. Qxc6 Rxe3 28. Ra8 Qe6 29. Rxe8+ Qxe8 30. Qxe8+ Rxe8 31. f3 Re2 32. Rd1 Kh7 33. Kh2 Kg6 34. Kg3 Kf5 35. h4 h5 36. Rd3 f6 37. Rd1 g5 38. Rd3 gxh4+ 39. Kxh4 Rxg2 40. Kh3 Rg1 41. Kh2 Rg7 42. Kh3 Kf4 43. Kh2 Re7 44. Rd1 Re2+ 45. Kh3 Kxf3 46. Rf1+ Rf2 47. Re1 Rd2 48. Rf1+ Ke4 49. Rxf6 Kxd4 50. Kg3 Kd3 51. Kf3 d4 52. Ra6 Rh2 53. Ra3+ Kc4 54. Ke4 Rh4+ 55. Ke5 Rh3 56. Rxh3 d3 57. Kf4 d2 58. Rh1 Kd3 59. Kf3 h4 60. Kg4 Kc2 61. Kxh4 d1=Q 62. Rxd1 Kxd1 1/2-1/2


[Site "https://www.chess.com"]

[Event "Titled Tuesday Blitz October 18 Late 2022"]
[White "Czernek, Tymon"]
[Black "Ibadov, Dashgyn"]
[WhiteFideId "1199510"]
[BlackFideId "24107514"]
[WhiteElo "2240"]
[BlackElo "2208"]
[Result "1-0"]
[Round "06"]
[TimeControl "180+1"]
[Date "2022.10.19"]
[WhiteClock "0:00:20"]
[BlackClock "0:00:02"]

1. e4 e5 2. Nf3 Nc6 3. Bc4 Bc5 4. O-O Nf6 5. d3 d6 6. c3 a6 7. Nbd2 Ba7 8. Bb3 h6 9. Re1 g5 10. Nf1 g4 11. N3d2 Nh5 12. Ne3 Nf4 13. Ndf1 Qf6 14. Ng3 h5 15. Ngf5 Ne7 16. d4 Nxf5 17. Nxf5 Bxf5 18. Bxf4 O-O-O 19. exf5 exf4 20. Qd3 d5 21. Re5 c6 22. Rae1 Bb8 23. Re7 f3 24. gxf3 Qh4 25. f6 Qxh2+ 26. Kf1 Bd6 27. Ke2 Bxe7 28. fxe7 Rde8 29. Qf5+ Kb8 30. Qxf7 gxf3+ 31. Kd1 Qxf2 32. Bc2 h4 33. Bf5 Ka7 34. Bd7 Rb8 35. e8=Q Rhxe8 36. Bxe8 Qxb2 37. Qxf3 Qb1+ 38. Kd2 Qxa2+ 39. Kd3 Qc4+ 40. Kd2 a5 41. Bg6 a4 42. Ra1 Rg8 43. Bc2 1-0


[Site "https://www.chess.com"]

[Event "Titled Tuesday Blitz October 18 Late 2022"]
[White "D`Arruda, Ricardo D."]
[Black "Saravana, Krishnan P."]
[WhiteFideId "100692"]
[BlackFideId "5018382"]
[WhiteElo "2394"]
[BlackElo "2155"]
[Result "0-1"]
[Round "06"]
[TimeControl "180+1"]
[Date "2022.10.19"]
[WhiteClock "0:00:53"]
[BlackClock "0:01:51"]

1. d4 Nf6 2. Nf3 g6 3. Nc3 d5 4. Bg5 Bg7 5. Bxf6 exf6 6. e3 O-O 7. h4 h5 8. Ne2 Bg4 9. Nf4 c6 10. c3 Nd7 11. Be2 Re8 12. Nd2 Bxe2 13. Qxe2 Nf8 14. g4 Bh6 15. Qf3 Qd6 16. Nd3 hxg4 17. Qxg4 Bxe3 18. fxe3 Rxe3+ 19. Kd1 Rxd3 20. Kc2 Re3 21. h5 Qe6 22. Qf4 g5 23. Qf1 Re8 24. a3 Re2 25. Rd1 Nh7 26. Kb3 c5 27. Nf3 Qb6+ 0-1


[Site "https://www.chess.com"]

[Event "Titled Tuesday Blitz October 18 Late 2022"]
[White "Daeschler, Florian"]
[Black "Vlassov, Nikolai"]
[WhiteFideId "20678193"]
[BlackFideId "4103360"]
[WhiteElo "2187"]
[BlackElo "2324"]
[Result "1/2-1/2"]
[Round "06"]
[TimeControl "180+1"]
[Date "2022.10.19"]
[WhiteClock "0:00:24"]
[BlackClock "0:00:12"]

1. e4 Nc6 2. Nf3 d5 3. exd5 Qxd5 4. Nc3 Qa5 5. Bb5 Bd7 6. d4 a6 7. Bxc6 Bxc6 8. O-O Qh5 9. Ne5 Qxd1 10. Rxd1 Bd7 11. Nd5 Rc8 12. Bf4 Nf6 13. Nxf6+ gxf6 14. Nxd7 Kxd7 15. d5 Rg8 16. f3 Bg7 17. c3 Rgd8 18. Kf2 Ke8 19. g4 c6 20. dxc6 Rxc6 21. Rxd8+ Kxd8 22. Rd1+ Kc8 23. Rd5 e5 24. Be3 Bf8 25. Ke2 Rd6 26. Rxd6 Bxd6 27. Kd3 Kd7 28. Ke4 Ke6 29. c4 Bb4 30. a3 Be1 31. Bc5 Bd2 32. b4 Bc1 33. a4 Ba3 34. a5 Bb2 35. b5 Bc3 36. Bb6 Bb4 37. c5 Kd7 38. c6+ bxc6 39. bxa6 Kc8 40. Kf5 c5 41. Ke4 c4 42. Ke3 Bc3 43. Ke2 Bb4 44. h3 Bc3 45. Kd1 Bb4 46. Ke2 Bc3 47. Ke3 Bb4 48. f4 Bc3 49. h4 Be1 50. fxe5 Bxh4 51. Kd4 fxe5+ 52. Kxc4 f5 53. gxf5 h5 54. Kd5 Bf6 55. Kc6 Kb8 56. a7+ Ka8 57. Kd5 h4 58. Ke4 Kb7 59. a6+ Ka8 60. Kf3 Bg5 61. Kg4 Bf6 62. Be3 Bd8 63. Bg5 Bxg5 64. Kxg5 h3 65. f6 h2 66. f7 h1=Q 67. f8=Q+ Kxa7 68. Qg7+ Kxa6 69. Qf6+ Kb7 70. Qxe5 Qg2+ 71. Kf6 Qc6+ 72. Kf5 Kb6 73. Qd4+ Qc5+ 74. Qxc5+ Kxc5 1/2-1/2


[Site "https://www.chess.com"]

[Event "Titled Tuesday Blitz October 18 Late 2022"]
[White "Decuigniere, Tom"]
[Black "Prydun, Andriy"]
[WhiteFideId "26093820"]
[BlackFideId "14145898"]
[WhiteElo "2223"]
[BlackElo "2163"]
[Result "1-0"]
[Round "06"]
[TimeControl "180+1"]
[Date "2022.10.19"]
[WhiteClock "0:00:05"]
[BlackClock "0:00:03"]

1. c4 Nf6 2. Nc3 c5 3. g3 d6 4. Bg2 e5 5. e3 Be7 6. Nge2 O-O 7. O-O Nfd7 8. d4 Nc6 9. Nd5 Re8 10. b3 Bf8 11. Bb2 f6 12. a3 Ne7 13. Nec3 Nb6 14. b4 Nxc4 15. Qb3 b5 16. Nxb5 Be6 17. Qxc4 Rb8 18. Nxe7+ Qxe7 19. d5 Bf7 20. Bc3 Rec8 21. Bd2 cxb4 22. Qe2 a6 23. Nxd6 Qxd6 24. Bxb4 Qb6 25. Rab1 Qb5 26. Qxb5 Rxb5 27. Bxf8 Kxf8 28. Rxb5 axb5 29. Rd1 Bh5 30. Rb1 Ke7 31. h3 Be2 32. Bf1 Bxf1 33. Kxf1 Rc5 34. e4 f5 35. f3 Rc3 36. Kf2 Rxa3 37. Rxb5 Ra2+ 38. Ke3 Ra3+ 39. Ke2 Ra2+ 40. Ke1 Ra3 41. Ke2 Ra2+ 42. Kd3 Ra3+ 43. Kc4 Rxf3 44. Rb7+ Ke8 45. exf5 Rxg3 46. d6 Rxh3 47. Kd5 Rh6 48. Kxe5 Kf8 49. Rb8+ Kf7 50. d7 Rf6 51. d8=Q Rxf5+ 52. Kxf5 g6+ 53. Ke5 h5 54. Qf6# 1-0


[Site "https://www.chess.com"]

[Event "Titled Tuesday Blitz October 18 Late 2022"]
[White "Dilanyan, Grigor"]
[Black "Storey, Charles H"]
[WhiteFideId "13303570"]
[BlackFideId "406686"]
[WhiteElo "2264"]
[BlackElo "2252"]
[Result "1-0"]
[Round "06"]
[TimeControl "180+1"]
[Date "2022.10.19"]
[WhiteClock "0:02:00"]
[BlackClock "0:00:59"]

1. d4 g6 2. Nf3 Bg7 3. g3 c5 4. dxc5 Na6 5. c6 bxc6 6. Bg2 Nc7 7. O-O Ne6 8. c4 Ba6 9. Qc2 Qb6 10. Rd1 Rb8 11. Nc3 Bxc4 12. Na4 Qa6 13. Ng5 Bxe2 14. Nxe6 fxe6 15. Rxd7 Bb5 16. Nc5 Qb6 17. Bf4 e5 18. Be3 Nf6 19. Ne6 Qa5 20. Rxa7 Qb4 21. Nxg7+ Kf7 22. Bc5 1-0


[Site "https://www.chess.com"]

[Event "Titled Tuesday Blitz October 18 Late 2022"]
[White "Djokic, Mihailo"]
[Black "Petrova, Irina"]
[WhiteFideId "976440"]
[BlackFideId "14124122"]
[WhiteElo "2315"]
[BlackElo "2023"]
[Result "1-0"]
[Round "06"]
[TimeControl "180+1"]
[Date "2022.10.19"]
[WhiteClock "0:01:17"]
[BlackClock "0:00:01"]

1. e4 d6 2. d4 Nf6 3. Nc3 e5 4. Nf3 Nbd7 5. Bc4 Be7 6. O-O O-O 7. Re1 c6 8. a4 h6 9. Ba2 Re8 10. Be3 Bf8 11. Qd2 Qc7 12. h3 exd4 13. Bxd4 Ne5 14. Qf4 Ng6 15. Qd2 Be6 16. Bxf6 gxf6 17. Nd4 Kh7 18. Re3 Bg7 19. Rg3 a6 20. Rd1 Rad8 21. Nf5 Bxf5 22. exf5 Ne5 23. Ne2 d5 24. Nf4 Rg8 25. Re1 Qd7 26. c3 Bh8 27. Bb1 Rxg3 28. fxg3 Rg8 29. g4 Re8 30. Re2 Bg7 31. Nh5 Qe7 32. Kf1 Qc5 33. Qd4 Qd6 34. b4 Re7 35. Qf4 Qc7 36. h4 Nc4 37. Qxc7 Rxc7 38. g5 hxg5 39. hxg5 Rd7 40. g6+ fxg6 41. fxg6+ Kh6 42. Bf5 Rc7 43. g4 Ne5 44. Ng3 Kg5 45. Rh2 Kf4 46. Nh5+ Ke3 47. Nxg7 Rxg7 48. Rh7 Rxh7 49. gxh7 Nf7 50. Bc8 Kd2 51. Bxb7 Kxc3 52. Bxc6 d4 53. b5 axb5 54. axb5 d3 55. b6 d2 56. Ba4 Kb4 57. Bd1 Kc5 58. b7 1-0


[Site "https://www.chess.com"]

[Event "Titled Tuesday Blitz October 18 Late 2022"]
[White "Eisa Mohmood, Alkhoori"]
[Black "Ballester Llagaria, Luis Eduardo"]
[WhiteFideId "9316116"]
[BlackFideId "2297620"]
[WhiteElo "1245"]
[BlackElo "2344"]
[Result "1-0"]
[Round "06"]
[TimeControl "180+1"]
[Date "2022.10.19"]
[WhiteClock "0:00:16"]
[BlackClock "0:00:05"]

1. e4 c5 2. Nf3 e6 3. d4 cxd4 4. Nxd4 Nc6 5. Nc3 Qc7 6. a3 a6 7. Be3 Nf6 8. Nb3 b5 9. Bd3 Bb7 10. O-O d6 11. f4 Be7 12. Qf3 h5 13. Kh1 h4 14. h3 b4 15. Na4 d5 16. e5 Nh5 17. Bf2 g6 18. Rfe1 Rb8 19. Nac5 Bc8 20. Nxa6 Bxa6 21. Bxa6 bxa3 22. bxa3 Na5 23. a4 Rb4 24. Bb5+ Kf8 25. Nxa5 Qxa5 26. Qc3 Qd8 27. Bxh4 Nxf4 28. Qxb4 Rxh4 29. Qd2 d4 30. Re4 Bg5 31. Rf1 Nxh3 32. Qb4+ Be7 33. Qe1 Nf4+ 34. Kg1 d3 35. Rexf4 Bc5+ 36. R1f2 d2 37. Rxf7+ Kg8 38. Qd1 Qd4 39. g3 Re4 40. Kg2 Re1 41. Qxd2 Qe4+ 42. R7f3 Bxf2 43. Qxf2 Re2 44. Qxe2 Qxe2+ 45. Bxe2 1-0


[Site "https://www.chess.com"]

[Event "Titled Tuesday Blitz October 18 Late 2022"]
[White "Eljanov, Pavel"]
[Black "Radovic, Janko"]
[WhiteFideId "14102951"]
[BlackFideId "911518"]
[WhiteElo "2601"]
[BlackElo "2318"]
[Result "1-0"]
[Round "06"]
[TimeControl "180+1"]
[Date "2022.10.18"]
[WhiteClock "0:01:27"]
[BlackClock "0:00:47"]

1. c4 e6 2. g3 d5 3. Bg2 Nf6 4. Nf3 Be7 5. O-O O-O 6. d3 c5 7. Bf4 Nc6 8. Nc3 b6 9. e4 dxe4 10. dxe4 Bb7 11. e5 Nd7 12. Qe2 a6 13. Rad1 Qc7 14. Nd5 exd5 15. cxd5 Ncxe5 16. Nxe5 Nxe5 17. Qxe5 Qd7 18. Qc7 Qxc7 19. Bxc7 Bd8 20. Bd6 Re8 21. Rfe1 Bf6 22. Bc7 Kf8 23. Bxb6 Bd4 24. d6 Bxg2 25. Kxg2 Rab8 26. Bc7 Rxb2 27. d7 Rxf2+ 28. Kh3 Rxe1 29. Rxe1 1-0


[Site "https://www.chess.com"]

[Event "Titled Tuesday Blitz October 18 Late 2022"]
[White "Fajdetic, Hrvoje"]
[Black "Riehle, Marco"]
[WhiteFideId "14501945"]
[BlackFideId "12904392"]
[WhiteElo "2172"]
[BlackElo "2462"]
[Result "1-0"]
[Round "06"]
[TimeControl "180+1"]
[Date "2022.10.18"]
[WhiteClock "0:00:06"]
[BlackClock "0:00:03"]

1. d4 Nf6 2. Bf4 d5 3. e3 e6 4. Nf3 Bd6 5. Bg3 c5 6. c3 O-O 7. Bd3 Nc6 8. Nbd2 Re8 9. Ne5 Bxe5 10. dxe5 Nd7 11. f4 c4 12. Bc2 Qb6 13. O-O Qxe3+ 14. Kh1 Qb6 15. Rb1 Nf8 16. Nf3 Bd7 17. Ng5 Ne7 18. Bf2 Qa6 19. Qh5 Neg6 20. Bc5 h6 21. Nxf7 Kxf7 22. Bxf8 Kxf8 23. Qxg6 Qxa2 24. f5 exf5 25. Bxf5 Bxf5 26. Rxf5+ Kg8 27. Rbf1 Rf8 28. Qe6+ Kh7 29. h4 Rxf5 30. Qxf5+ Kh8 31. e6 Qa4 32. Qxd5 Re8 33. Rf7 Qa1+ 34. Kh2 Qe1 35. Qd4 Rg8 36. e7 Qe6 37. Qf4 b5 38. Qf5 Qd6+ 39. Kh3 a6 40. h5 b4 41. cxb4 Qxb4 42. Qe6 Re8 43. Qe5 Qb3+ 44. g3 Rg8 45. Rf8 1-0


[Site "https://www.chess.com"]

[Event "Titled Tuesday Blitz October 18 Late 2022"]
[White "Ferreira, Vitor Hugo Vieira"]
[Black "Luxama, Jacques Muller"]
[WhiteFideId "2119765"]
[BlackFideId "11900113"]
[WhiteElo "2168"]
[BlackElo "1931"]
[Result "1-0"]
[Round "06"]
[TimeControl "180+1"]
[Date "2022.10.19"]
[WhiteClock "0:00:11"]
[BlackClock "0:00:06"]

1. e4 e5 2. Nf3 Nc6 3. Bb5 a6 4. Ba4 Nf6 5. O-O Be7 6. Re1 b5 7. Bb3 O-O 8. d4 exd4 9. e5 Ne8 10. Nxd4 Bb7 11. Nf5 Kh8 12. Nxe7 Qxe7 13. Bf4 f6 14. exf6 Qxf6 15. Bg3 Qxb2 16. Nd2 d6 17. Bd5 Nf6 18. Bf3 Na5 19. Rb1 Qc3 20. Bxb7 Nxb7 21. a4 Nc5 22. axb5 axb5 23. Rxb5 Ra2 24. Nb3 Nce4 25. Rf5 Nxg3 26. hxg3 Rxc2 27. Re3 Qb2 28. Qf3 h6 29. g4 Qb1+ 30. Kh2 Rc4 31. Nd2 Qb4 32. Nxc4 Qxc4 33. Rf4 Qf7 34. Kg1 Qa2 35. Re1 Qa5 36. Qe2 Qg5 37. Rf5 Qg6 38. Qf3 Rb8 39. Qf4 Nxg4 40. Rf8+ Rxf8 41. Qxf8+ Kh7 42. f3 Nf6 43. Qe7 Qc2 44. Qe2 Qc5+ 45. Qf2 Qxf2+ 46. Kxf2 d5 47. Re7 c5 48. Rc7 c4 49. Ke3 Kg6 50. Kd4 Kf5 51. Rxg7 Nh5 52. g4+ Kf4 53. gxh5 Kxf3 54. Kxd5 c3 55. Rc7 Ke3 56. Rxc3+ Kd2 57. Rc6 Ke3 58. Rxh6 1-0


[Site "https://www.chess.com"]

[Event "Titled Tuesday Blitz October 18 Late 2022"]
[White "Forgacs, Attila Jr."]
[Black "Urazayev, Arystanbek"]
[WhiteFideId "773654"]
[BlackFideId "13709810"]
[WhiteElo "2168"]
[BlackElo "2441"]
[Result "0-1"]
[Round "06"]
[TimeControl "180+1"]
[Date "2022.10.19"]
[WhiteClock "0:00:15"]
[BlackClock "0:00:21"]

1. e4 c5 2. d3 d6 3. g3 g6 4. Bg2 Bg7 5. f4 Nc6 6. Nf3 Nf6 7. O-O O-O 8. Nc3 Rb8 9. a4 a6 10. h3 b5 11. axb5 axb5 12. Be3 b4 13. Ne2 Bb7 14. Qd2 Nd7 15. Rab1 Ra8 16. g4 Ra2 17. b3 Qb6 18. f5 Nd4 19. Nexd4 cxd4 20. Bh6 Rc8 21. Bxg7 Kxg7 22. fxg6 Rcxc2 23. Qg5 Rxg2+ 24. Kh1 hxg6 25. Qxe7 Ne5 26. g5 Bc8 27. Nh4 Rh2+ 28. Kg1 Be6 29. Rbc1 Rxh3 30. Qf6+ Kh7 31. Nxg6 Nxg6 32. Rc8 Qb7 33. Qd8 Bxc8 34. Rc1 Qe7 0-1


[Site "https://www.chess.com"]

[Event "Titled Tuesday Blitz October 18 Late 2022"]
[White "Galaktionov, Artem"]
[Black "miragha_yev"]
[WhiteFideId "24175471"]
[WhiteElo "2278"]
[BlackElo "2763"]
[Result "1/2-1/2"]
[Round "06"]
[TimeControl "180+1"]
[Date "2022.10.18"]
[WhiteClock "0:00:59"]
[BlackClock "0:00:22"]

1. d4 d5 2. Nf3 e6 3. c4 Nf6 4. Nc3 Be7 5. Bf4 O-O 6. e3 c5 7. dxc5 Bxc5 8. cxd5 exd5 9. Be2 Nc6 10. O-O a6 11. Rc1 Ba7 12. Na4 h6 13. Nc5 Bxc5 14. Rxc5 Be6 15. Qb3 Ne4 16. Rc2 Qe7 17. Qb6 g5 18. Bg3 Nxg3 19. hxg3 Rfc8 20. Rfc1 Qb4 21. Qc5 Qxc5 22. Rxc5 Nb4 23. a3 Rxc5 24. Rxc5 Nc6 25. Kf1 Kf8 26. Nd4 Nxd4 27. exd4 Rc8 28. Ke1 Ke7 29. Kd2 Kd6 30. b4 Rc6 31. f4 Bc8 32. Bf3 Rxc5 33. dxc5+ Kc6 34. Kc3 Be6 35. Kd4 f6 36. a4 Bf7 37. Be2 b5 38. cxb6 Kxb6 39. Bf3 Be8 40. Bd1 h5 41. Kxd5 Bc6+ 42. Ke6 gxf4 43. gxf4 h4 44. Kxf6 Bxg2 45. Bg4 h3 46. Bxh3 Bxh3 47. f5 Bg4 48. Kg6 Kc6 49. f6 Be6 50. f7 Bxf7+ 51. Kxf7 Kd5 52. Ke7 Kc4 53. b5 axb5 54. axb5 Kxb5 1/2-1/2


[Site "https://www.chess.com"]

[Event "Titled Tuesday Blitz October 18 Late 2022"]
[White "Galchenko, Matvey"]
[Black "Bordi, Kevin"]
[WhiteFideId "24175480"]
[BlackFideId "621862"]
[WhiteElo "2423"]
[BlackElo "2784"]
[Result "0-1"]
[Round "06"]
[TimeControl "180+1"]
[Date "2022.10.18"]
[WhiteClock "0:01:07"]
[BlackClock "0:00:51"]

1. f4 e5 2. fxe5 d6 3. exd6 Bxd6 4. Nf3 Nc6 5. Nc3 Bg4 6. e3 Nf6 7. Bb5 Qe7 8. d3 O-O-O 9. Bxc6 bxc6 10. O-O h5 11. e4 Bc5+ 12. Kh1 h4 13. Qe1 Nh5 14. Ne2 Bxf3 15. Rxf3 g5 16. Rf5 f6 17. Bd2 Ng3+ 18. Nxg3 hxg3 19. Qxg3 Bd6 20. Qg4 Rxh2+ 21. Kg1 Kb7 22. Be3 Rdh8 23. Raf1 R8h4 24. Qe2 Bg3 0-1


[Site "https://www.chess.com"]

[Event "Titled Tuesday Blitz October 18 Late 2022"]
[White "Goltsev, Dmitry"]
[Black "Pultinevicius, Paulius"]
[WhiteFideId "24176710"]
[BlackFideId "12809390"]
[WhiteElo "2257"]
[BlackElo "2500"]
[Result "1-0"]
[Round "06"]
[TimeControl "180+1"]
[Date "2022.10.18"]
[WhiteClock "0:00:17"]
[BlackClock "0:00:02"]

1. e4 c5 2. Nf3 e6 3. d4 cxd4 4. Nxd4 a6 5. Nc3 Nf6 6. Be2 Bb4 7. Qd3 d6 8. a3 Bxc3+ 9. bxc3 Nbd7 10. f3 Nc5 11. Qe3 e5 12. Nb3 Qc7 13. Nxc5 dxc5 14. O-O O-O 15. a4 a5 16. Ba3 b6 17. Rab1 Ba6 18. Rb2 Qc6 19. Bb5 Bxb5 20. Rxb5 Ne8 21. Rfb1 Ra6 22. Qd3 Nc7 23. R5b2 Qxa4 24. Ra2 Qc6 25. Rd1 Nb5 26. Bc1 Raa8 27. Rb2 c4 28. Qe3 Rad8 29. Bd2 Na3 30. Rxb6 Nxc2 31. Qf2 Qa4 32. Rc1 Rd3 33. Bh6 Na1 34. Qg3 Rd1+ 35. Rxd1 Qxd1+ 36. Kf2 Qc2+ 37. Kf1 Qd3+ 38. Kf2 Qc2+ 39. Ke1 Qxc3+ 40. Kf2 Qd4+ 41. Ke2 g6 42. Qg5 Qxb6 43. Qxe5 f6 44. Qd5+ Kh8 45. Bxf8 Qb2+ 46. Ke3 Qc1+ 47. Kf2 Qc2+ 48. Kg3 Qd3 49. Qf7 1-0


[Site "https://www.chess.com"]